ORI
UNIVERSITY OF ALABAMA CRIMSON TIDE @ FLORIDA STATE UNIVERSITY SEMINOLES
08/14/2047
 
TOP OF THE 1ST
University of Alabama Crimson Tide batting - Pitching for Florida State University Seminoles : LHP Brent Edens
Pitching: LHP Brent Edens
Batting: LHB Danny Schultz 0-0: SINGLE (Groundball, P, EV 82.5 MPH) (infield hit)
Batting: RHB B.J. Clark 0-0: Called Strike
0-1: Ball
1-1: Foul Ball, location: 2F
1-2: Strikes out swinging
Batting: RHB Matt Williams 0-0: Ball
1-0: DOUBLE (Groundball, 5L, EV 95.0 MPH)
Danny Schultz to third
Runner from 3rd tries for Home, SAFE, throw by LF to trailing runner, SAFE at third!
Batting: RHB Hughie Withers 0-0: Swinging Strike
0-1: Foul Ball, location: 2F
0-2: Strikes out swinging
Batting: RHB Juan Araiza 0-0: Called Strike
0-1: Foul Ball, location: 2F
0-2: Ball
1-2: Strikes out swinging
Top of the 1st over - 1 run, 2 hits, 0 errors, 1 left on base; University of Alabama 1 - Florida State University 0
BOTTOM OF THE 1ST
Florida State University Seminoles batting - Pitching for University of Alabama Crimson Tide : RHP Javier Rubles
Pitching: RHP Javier Rubles
Batting: RHB Larry Berge 0-0: Ball
1-0: Called Strike
1-1: Foul Ball, location: 2F
1-2: Ball
2-2: Fly out, F9 (Flyball, 89M, EV 83.8 MPH)
Batting: RHB Ruben Moreno 0-0: SINGLE (Flyball, 4MD, EV 90.6 MPH)
Batting: RHB Jonathan Bruni 0-0: Ball
1-0: Ball
2-0: Ball
3-0: Called Strike
3-1: Grounds into double play, 5-4-3 (Groundball, 56, EV 85.0 MPH)
Bottom of the 1st over - 0 runs, 1 hit, 0 errors, 0 left on base; University of Alabama 1 - Florida State University 0
TOP OF THE 2ND
University of Alabama Crimson Tide batting - Pitching for Florida State University Seminoles : LHP Brent Edens
Batting: LHB Platon Protopsaltis 0-0: Called Strike
0-1: Ball
1-1: Called Strike
1-2: Strikes out swinging
Batting: LHB Yu-shu Ni 0-0: Foul Ball, location: 2F
0-1: Ball
1-1: Foul Ball, location: 2F
1-2: Foul Ball, location: 2F
1-2: Strikes out looking
Batting: LHB Robby Ramires 0-0: Foul Ball, location: 2F
0-1: Called Strike
0-2: Ball
1-2: Ball
2-2: Strikes out looking
Top of the 2nd over - 0 runs, 0 hits, 0 errors, 0 left on base; University of Alabama 1 - Florida State University 0
BOTTOM OF THE 2ND
Florida State University Seminoles batting - Pitching for University of Alabama Crimson Tide : RHP Javier Rubles
Batting: RHB Ed Vilches 0-0: Swinging Strike
0-1: Ball
1-1: Called Strike
1-2: Ball
2-2: Strikes out swinging
Batting: SHB Jason Farr 0-0: Ground out U3 (Groundball, 3, EV 92.5 MPH)
Batting: RHB Terry Cisneros 0-0: Called Strike
0-1: Swinging Strike
0-2: SINGLE (Groundball, 4D, EV 96.9 MPH)
Batting: RHB Butch Huskey 0-0: Ball
1-0: Swinging Strike
1-1: Ball
2-1: Called Strike
2-2: Foul Ball, location: 2F
2-2: Strikes out swinging
Bottom of the 2nd over - 0 runs, 1 hit, 0 errors, 1 left on base; University of Alabama 1 - Florida State University 0
TOP OF THE 3RD
University of Alabama Crimson Tide batting - Pitching for Florida State University Seminoles : LHP Brent Edens
Batting: RHB David Sanchez 0-0: Called Strike
0-1: Ball
1-1: Called Strike
1-2: Strikes out looking
Batting: LHB Danny Schultz 0-0: Called Strike
0-1: Foul Ball, location: 2F
0-2: Ground out 6-3 (Groundball, 6, EV 79.4 MPH)
Batting: RHB B.J. Clark 0-0: Swinging Strike
0-1: Ball
1-1: Foul Ball, location: 2F
1-2: Foul Ball, location: 2F
1-2: Strikes out looking
Top of the 3rd over - 0 runs, 0 hits, 0 errors, 0 left on base; University of Alabama 1 - Florida State University 0
BOTTOM OF THE 3RD
Florida State University Seminoles batting - Pitching for University of Alabama Crimson Tide : RHP Javier Rubles
Batting: RHB Matt Derry 0-0: Ball
1-0: Ball
2-0: Fly out, F7 (Flyball, 7D, EV 96.9 MPH)
Batting: RHB Emilio Guerra 0-0: SINGLE (Groundball, 6D, EV 95.6 MPH)
Batting: RHB Larry Berge 0-0: Called Strike
Emilio Guerra is caught stealing 2nd base 2-4
0-1: Called Strike
0-2: Ball
1-2: Strikes out swinging
Bottom of the 3rd over - 0 runs, 1 hit, 0 errors, 0 left on base; University of Alabama 1 - Florida State University 0
TOP OF THE 4TH
University of Alabama Crimson Tide batting - Pitching for Florida State University Seminoles : LHP Brent Edens
Batting: RHB Matt Williams 0-0: Ball
1-0: Ball
2-0: Ball
3-0: Foul Ball, location: 2F
3-1: Swinging Strike
3-2: Base on Balls
Batting: RHB Hughie Withers Balk!
Matt Williams to second
0-0: Ball
1-0: Foul Ball, location: 2F
1-1: Ball
2-1: Ball
3-1: Foul Ball, location: 2F
3-2: Foul Ball, location: 2F
3-2: Ground out 6-3 (Groundball, 6, EV 110.0 MPH)
Batting: RHB Juan Araiza 0-0: Ball
1-0: Ball
2-0: Fly out, F9 (Flyball, 89D, EV 99.4 MPH)
Runner from 2nd tags up, SAFE at 3rd, no throw by RF
Batting: LHB Platon Protopsaltis 0-0: Foul Ball, location: 2F
0-1: Ball
1-1: Called Strike
1-2: Foul Ball, location: 2F
1-2: Strikes out looking
Top of the 4th over - 0 runs, 0 hits, 0 errors, 1 left on base; University of Alabama 1 - Florida State University 0
BOTTOM OF THE 4TH
Florida State University Seminoles batting - Pitching for University of Alabama Crimson Tide : RHP Javier Rubles
Batting: RHB Ruben Moreno 0-0: Ball
1-0: Foul Ball, location: 2F
1-1: Ground out 4-3 (Groundball, 4, EV 89.4 MPH)
Batting: RHB Jonathan Bruni 0-0: Ball
1-0: Called Strike
1-1: Ground out 4-3 (Groundball, 4, EV 92.5 MPH)
Batting: RHB Ed Vilches 0-0: Swinging Strike
0-1: Foul Ball, location: 2F
0-2: Ground out 4-3 (Groundball, 4, EV 100.0 MPH)
Bottom of the 4th over - 0 runs, 0 hits, 0 errors, 0 left on base; University of Alabama 1 - Florida State University 0
TOP OF THE 5TH
University of Alabama Crimson Tide batting - Pitching for Florida State University Seminoles : LHP Brent Edens
Pitching: RHP Josh Walker
Now at SS: J.R. Harvey
Batting: LHB Yu-shu Ni 0-0: Ball
1-0: Foul Ball, location: 2F
1-1: Foul Ball, location: 2F
1-2: Foul Ball, location: 2F
1-2: Foul Ball, location: 2F
1-2: Foul Ball, location: 2F
1-2: Ball
2-2: Strikes out swinging
Batting: LHB Robby Ramires 0-0: Ball
1-0: Reached on error, E5 (Groundball, 56S, EV 85.6 MPH)
Batting: RHB David Sanchez 0-0: Ball
1-0: Ball
2-0: Ball
3-0: Base on Balls
Batting: LHB Danny Schultz 0-0: Fielders Choice at 2nd, 1-4 (Groundball, 15S, EV 68.1 MPH)
Robby Ramires to third
Batting: RHB B.J. Clark 0-0: Fly out, F8 (Line Drive, 8RD, EV 93.8 MPH)
Top of the 5th over - 0 runs, 0 hits, 1 error, 2 left on base; University of Alabama 1 - Florida State University 0
BOTTOM OF THE 5TH
Florida State University Seminoles batting - Pitching for University of Alabama Crimson Tide : RHP Javier Rubles
Now at 1B: Onorato Zacagnini
Now at SS: Jong-your Lee
Now in CF: Joe Blackwood
Now in RF: John Hicken
Batting: SHB Jason Farr 0-0: Foul Ball, location: 2F
0-1: Called Strike
0-2: SINGLE (Flyball, 3D, EV 88.8 MPH)
Batting: RHB Terry Cisneros 0-0: Foul Ball, location: 2F
0-1: Foul Ball, location: 2F
0-2: Ball
1-2: Ball
2-2: Strikes out swinging
Batting: RHB Butch Huskey 0-0: Fielders Choice at 2nd, 6-4 (Groundball, 6, EV 80.6 MPH)
Batting: RHB Matt Derry 0-0: Ball
1-0: Ball
2-0: Called Strike
2-1: Swinging Strike
2-2: Foul Ball, location: 2F
2-2: Strikes out looking
Bottom of the 5th over - 0 runs, 1 hit, 0 errors, 1 left on base; University of Alabama 1 - Florida State University 0
TOP OF THE 6TH
University of Alabama Crimson Tide batting - Pitching for Florida State University Seminoles : RHP Josh Walker
Now at 2B: Jon Odle
Pinch Hitting: RHB Danny Rosario 0-0: Called Strike
0-1: SINGLE (Groundball, 5S, EV 69.4 MPH) (infield hit)
Pinch Hitting: RHB Rodrik Gardner 0-0: Ball
Danny Rosario steals 2nd base
1-0: Ball
2-0: Ball
3-0: Called Strike
3-1: Foul Ball, location: 2F
3-2: Ground out 4-3 (Groundball, 4, EV 78.8 MPH)
Danny Rosario to third
Batting: RHB Onorato Zacagnini 0-0: Called Strike
0-1: Fly out, F9 (Flyball, 9D, EV 99.4 MPH)
Runner from 3rd tags up, SCORES, no throw by RF
Batting: LHB Joe Blackwood 0-0: Ball
1-0: Called Strike
1-1: Foul Ball, location: 2F
1-2: Ground out U3 (Groundball, 13, EV 88.1 MPH)
Top of the 6th over - 1 run, 1 hit, 0 errors, 0 left on base; University of Alabama 2 - Florida State University 0
BOTTOM OF THE 6TH
Florida State University Seminoles batting - Pitching for University of Alabama Crimson Tide : RHP Javier Rubles
Pitching: RHP Kirk James
Now at 2B: Mike Bidwell
Now at 3B: Dallas Shaw
Batting: RHB Emilio Guerra 0-0: Ball
1-0: Ball
2-0: Ball
3-0: Base on Balls
Pinch Hitting: LHB Jeff Shields 0-0: Called Strike
0-1: Ball
1-1: Swinging Strike
1-2: Ball
2-2: Ball
3-2: Strikes out looking
Pinch Hitting: RHB Washichi Goto 0-0: Called Strike
0-1: Ball
1-1: Foul Ball, location: 2F
1-2: Foul Ball, location: 2F
1-2: Foul Ball, location: 2F
1-2: Ball
2-2: Foul Ball, location: 2F
2-2: Ball
Wild Pitch!
Emilio Guerra to second
3-2: Base on Balls
Batting: LHB John Doiron 0-0: Ball
1-0: Called Strike
1-1: Ball
2-1: Ball
3-1: Base on Balls
Emilio Guerra to third
Washichi Goto to second
Pinch Hitting: RHB David Lucarelli 0-0: Ball
1-0: Called Strike
1-1: Ball
2-1: Ball
3-1: SINGLE (Groundball, 4, EV 110.0 MPH)
Emilio Guerra scores
Washichi Goto to third
John Doiron to second
Runner from 3rd tries for Home, throw by CF and OUT! 8-2
Pinch Hitting: LHB Ethan Ware 0-0: Ball
1-0: Fly out, F6 (Popup, 6S, EV 86.9 MPH)
Bottom of the 6th over - 1 run, 1 hit, 0 errors, 2 left on base; University of Alabama 2 - Florida State University 1
TOP OF THE 7TH
University of Alabama Crimson Tide batting - Pitching for Florida State University Seminoles : RHP Josh Walker
Pitching: LHP Dan Monk
Now at C: Hastings Miller
Now at 2B: David Lucarelli
Now at 3B: Jeff Shields
Now at SS: Ethan Ware
Now in LF: Washichi Goto
Batting: RHB Fernando Reyes 0-0: Foul Ball, location: 2F
0-1: Ball
1-1: Foul Ball, location: 2F
1-2: Fly out, F7 (Flyball, 78S, EV 89.4 MPH)
Batting: RHB Jong-your Lee 0-0: Called Strike
0-1: Ball
1-1: Called Strike
1-2: Foul Ball, location: 2F
1-2: Strikes out swinging
Batting: RHB David Sanchez 0-0: Swinging Strike
0-1: Ball
1-1: Called Strike
1-2: Foul Ball, location: 2F
1-2: Ball
2-2: Strikes out looking
Top of the 7th over - 0 runs, 0 hits, 0 errors, 0 left on base; University of Alabama 2 - Florida State University 1
BOTTOM OF THE 7TH
Florida State University Seminoles batting - Pitching for University of Alabama Crimson Tide : RHP Kirk James
Pitching: RHP Michael Outcalt
Now at C: Larry Brown
Pinch Hitting: SHB John Welsh 0-0: Called Strike
0-1: Swinging Strike
0-2: SINGLE (Line Drive, 9LS, EV 98.8 MPH)
Pinch Hitting: RHB Ray Johnson 0-0: Ball
John Welsh steals 2nd, throwing error, E2
John Welsh to third
1-0: Bunted foul
1-1: Bunted foul
1-2: Foul Ball, location: 2F
1-2: Fly out, F8 (Flyball, 8RXD, EV 91.2 MPH)
Runner from 3rd tags up, SCORES, no throw by CF
Batting: LHB Hastings Miller 0-0: Foul Ball, location: 2F
0-1: Called Strike
0-2: Ball
1-2: Ball
2-2: Foul Ball, location: 2F
2-2: Strikes out looking
Pinch Hitting: LHB Brian Clayton 0-0: Ball
1-0: Called Strike
1-1: Ball
2-1: Foul Ball, location: 2F
2-2: Strikes out swinging
Bottom of the 7th over - 1 run, 1 hit, 1 error, 0 left on base; University of Alabama 2 - Florida State University 2
TOP OF THE 8TH
University of Alabama Crimson Tide batting - Pitching for Florida State University Seminoles : LHP Dan Monk
Pitching: RHP Tony Morales
Now at 1B: John Hunt
Now in CF: George Smienk
Now in RF: Matt Stewart
Pinch Hitting: LHB Brian Van 0-0: Called Strike
0-1: Ball
1-1: Ball
2-1: Ball
3-1: Base on Balls
Batting: RHB John Hicken 0-0: Bunted foul
0-1: Sac Bunt to 13S - play at first, batter OUT! 1-3
Brian Van to second
Batting: LHB Dallas Shaw 0-0: Intentional Walk
Batting: SHB Mike Bidwell 0-0: Ball
1-0: Swinging Strike
1-1: Ball
2-1: Foul Ball, location: 2F
2-2: Ball
3-2: Strikes out swinging
Pinch Hitting: LHB Matt Barkley 0-0: Swinging Strike
0-1: Ball
1-1: Ball
2-1: Foul Ball, location: 2F
2-2: Foul Ball, location: 2F
2-2: Ball
3-2: Base on Balls
Brian Van to third
Dallas Shaw to second
Batting: LHB Joe Blackwood 0-0: Ball
1-0: Ball
2-0: Fielders Choice at 2nd, 6-4 (Groundball, 56, EV 89.4 MPH)
Top of the 8th over - 0 runs, 0 hits, 0 errors, 3 left on base; University of Alabama 2 - Florida State University 2
BOTTOM OF THE 8TH
Florida State University Seminoles batting - Pitching for University of Alabama Crimson Tide : RHP Michael Outcalt
Now at 1B: Eddie Corona
Now in LF: Al Lara
Batting: LHB Jeff Shields 0-0: Called Strike
0-1: Ball
1-1: Foul Ball, location: 2F
1-2: Ball
2-2: Strikes out looking
Pinch Hitting: RHB Julio Mendoza 0-0: Ground out 5-3 (Groundball, 56S, EV 76.9 MPH)
Batting: LHB John Doiron 0-0: Ball
1-0: Foul Ball, location: 2F
1-1: Ball
2-1: Foul Ball, location: 2F
2-2: Ground out 4-3 (Groundball, 4, EV 85.6 MPH)
Bottom of the 8th over - 0 runs, 0 hits, 0 errors, 0 left on base; University of Alabama 2 - Florida State University 2
TOP OF THE 9TH
University of Alabama Crimson Tide batting - Pitching for Florida State University Seminoles : RHP Tony Morales
Pitching: RHP Danny Sabido
Now in LF: Bill Christiansen
Batting: RHB Fernando Reyes 0-0: SINGLE (Groundball, 5D, EV 94.4 MPH)
Batting: RHB Jong-your Lee 0-0: Bunt missed!
Pickoff Throw to First - Error! E1
Fernando Reyes to second
0-1: Sac Bunt to 2L - play at first, batter OUT! 2-4
Fernando Reyes to third
Pinch Hitting: LHB Adam Antico 0-0: Intentional Walk
Batting: LHB Eddie Corona 0-0: Ball
1-0: Ball
2-0: Foul Ball, location: 2F
2-1: Ball
3-1: Called Strike
3-2: Base on Balls
Adam Antico to second
Pinch Hitting: SHB Andrew Robison 0-0: Ball
1-0: Ball
2-0: Called Strike
2-1: Swinging Strike
2-2: Strikes out swinging
Batting: LHB Dallas Shaw 0-0: Called Strike
0-1: Ground out 4-3 (Groundball, 4, EV 83.1 MPH)
Top of the 9th over - 0 runs, 1 hit, 1 error, 3 left on base; University of Alabama 2 - Florida State University 2
BOTTOM OF THE 9TH
Florida State University Seminoles batting - Pitching for University of Alabama Crimson Tide : RHP Michael Outcalt
Pitching: RHP Dwayne Boivin
Now at C: Eric Kilmer
Now in RF: Andrew Robison
Batting: RHB David Lucarelli 0-0: Ball
1-0: Foul Ball, location: 2F
1-1: Foul Ball, location: 2F
1-2: Foul Ball, location: 2F
1-2: Ball
2-2: Strikes out swinging
Batting: LHB Ethan Ware 0-0: Ball
1-0: SOLO HOME RUN (Flyball, 9LD, EV 96.2 MPH), Distance : 354 ft
Bottom of the 9th over - 1 run, 1 hit, 0 errors, 0 left on base; University of Alabama 2 - Florida State University 3
Thursday, December 15th , 2022 - OOTP Baseball 23.9 Build 102